TOP OF THE 1ST |
Vanderbilt Commodores batting - Pitching for Tennessee Volunteers : RHP Chris Jennings
|
Pitching: RHP Chris Jennings
|
|
Batting: LHB Robbie Turner
|
0-0: Foul Ball, location: 2F 0-1: Swinging Strike 0-2: Strikes out looking
|
Batting: SHB Marvin López
|
0-0: Swinging Strike 0-1: Called Strike 0-2: Strikes out swinging
|
Batting: RHB Andy Toledo
|
0-0: Called Strike 0-1: Called Strike 0-2: Strikes out looking
|
Top of the 1st over - 0 run(s), 0 hit(s), 0 error(s), 0 left on base; Vanderbilt 0 - Tennessee 0 |
BOTTOM OF THE 1ST |
Tennessee Volunteers batting - Pitching for Vanderbilt Commodores : RHP Miguel Ortíz
|
Pitching: RHP Miguel Ortíz
|
|
Batting: LHB Arnold Stewart
|
0-0: Ball 1-0: Foul Ball, location: 2F 1-1: Foul Ball, location: 2F 1-2: Foul Ball, location: 2F 1-2: Ball 2-2: Foul Ball, location: 2F 2-2: Foul Ball, location: 2F 2-2: Foul Ball, location: 2F 2-2: Ground out 4-3 (Groundball, 4)
|
Batting: RHB Jesús Villegas
|
0-0: Ball 1-0: SINGLE (Line Drive, 78S)
|
Batting: RHB Aaron Washington
|
0-0: Ball 1-0: Ball 2-0: Ball 3-0: Base on Balls Jesús Villegas to second
|
Batting: RHB Ken Sánchez
|
0-0: Called Strike 0-1: Swinging Strike 0-2: Ball 1-2: Strikes out looking
|
Batting: RHB Tanner Albert
|
0-0: Ground out 5-3 (Groundball, 5S)
|
Bottom of the 1st over - 0 run(s), 1 hit(s), 0 error(s), 2 left on base; Vanderbilt 0 - Tennessee 0 |
TOP OF THE 2ND |
Vanderbilt Commodores batting - Pitching for Tennessee Volunteers : RHP Chris Jennings
|
Batting: SHB David Jones
|
0-0: Swinging Strike 0-1: Ball 1-1: Swinging Strike 1-2: Ball 2-2: Strikes out swinging
|
Batting: LHB Micah Brantley
|
0-0: Swinging Strike 0-1: Ball 1-1: Ground out 1-3 (Groundball, 15)
|
Batting: RHB Dalton Gray
|
0-0: Called Strike 0-1: Ball 1-1: Swinging Strike 1-2: Ball 2-2: Strikes out swinging
|
Top of the 2nd over - 0 run(s), 0 hit(s), 0 error(s), 0 left on base; Vanderbilt 0 - Tennessee 0 |
BOTTOM OF THE 2ND |
Tennessee Volunteers batting - Pitching for Vanderbilt Commodores : RHP Miguel Ortíz
|
Batting: SHB Scott Cox
|
0-0: Ball 1-0: Ground out 6-3 (Groundball, 6M)
|
Batting: RHB Juan Corvarubia
|
0-0: Called Strike 0-1: Ball 1-1: Ball 2-1: Swinging Strike 2-2: Ball 3-2: Foul Ball, location: 2F 3-2: Base on Balls
|
Batting: RHB Michael Sawyer
|
0-0: Foul Ball, location: 2F 0-1: Swinging Strike 0-2: Ground out 4-3 (Groundball, 4M) Juan Corvarubia to second
|
Batting: LHB Roberto Medina
|
0-0: Ball 1-0: Called Strike 1-1: Ball 2-1: Ball 3-1: Base on Balls
|
Batting: LHB Arnold Stewart
|
0-0: Called Strike 0-1: Ball 1-1: SINGLE (Line Drive, 8LS) Juan Corvarubia to third Roberto Medina to second Runner from 3rd tries for Home, SAFE, no throw or cutoff
|
Batting: RHB Jesús Villegas
|
0-0: Ball 1-0: Called Strike 1-1: Ball 2-1: Ball 3-1: Foul Ball, location: 2F 3-2: Strikes out swinging
|
Bottom of the 2nd over - 1 run(s), 1 hit(s), 0 error(s), 2 left on base; Vanderbilt 0 - Tennessee 1 |
TOP OF THE 3RD |
Vanderbilt Commodores batting - Pitching for Tennessee Volunteers : RHP Chris Jennings
|
Batting: RHB Herman Parker
|
0-0: Ball 1-0: Ball 2-0: Called Strike 2-1: Ball 3-1: Ground out 6-3 (Groundball, 6M)
|
Batting: LHB Will Holt
|
0-0: Swinging Strike 0-1: Ground out 6-3 (Groundball, 6MS)
|
Batting: RHB Robert Warner
|
0-0: SINGLE (Line Drive, 78S)
|
Batting: LHB Robbie Turner
|
0-0: Ball 1-0: Called Strike 1-1: Called Strike 1-2: Ball 2-2: Strikes out swinging
|
Top of the 3rd over - 0 run(s), 1 hit(s), 0 error(s), 1 left on base; Vanderbilt 0 - Tennessee 1 |
BOTTOM OF THE 3RD |
Tennessee Volunteers batting - Pitching for Vanderbilt Commodores : RHP Miguel Ortíz
|
Batting: RHB Aaron Washington
|
0-0: Ball 1-0: Fly out, F8 (Flyball, 8LXD)
|
Batting: RHB Ken Sánchez
|
0-0: Foul Ball, location: 2F 0-1: Called Strike 0-2: Foul Ball, location: 2F 0-2: Foul Ball, location: 2F 0-2: Ground out 6-3 (Groundball, 6)
|
Batting: RHB Tanner Albert
|
0-0: Ball 1-0: Ball 2-0: Ball 3-0: Called Strike 3-1: Base on Balls
|
Batting: SHB Scott Cox
|
0-0: Ball 1-0: Called Strike 1-1: Ball 2-1: Swinging Strike 2-2: Foul Ball, location: 2F 2-2: Strikes out swinging
|
Bottom of the 3rd over - 0 run(s), 0 hit(s), 0 error(s), 1 left on base; Vanderbilt 0 - Tennessee 1 |
TOP OF THE 4TH |
Vanderbilt Commodores batting - Pitching for Tennessee Volunteers : RHP Chris Jennings
|
Batting: SHB Marvin López
|
0-0: Ball 1-0: Ball 2-0: Ball 3-0: Called Strike 3-1: Base on Balls
|
Batting: RHB Andy Toledo
|
0-0: Ball 1-0: Foul Ball, location: 2F 1-1: Swinging Strike 1-2: Foul Ball, location: 2F 1-2: Ball 2-2: Ball 3-2: Base on Balls Marvin López to second
|
Batting: SHB David Jones
|
0-0: Ball 1-0: Called Strike 1-1: Ball 2-1: Fly out, F6 (Flyball, 5D)
|
Batting: LHB Micah Brantley
|
0-0: Called Strike 0-1: Foul Ball, location: 2F 0-2: Strikes out looking
|
Batting: RHB Dalton Gray
|
0-0: Called Strike 0-1: Foul Ball, location: 2F 0-2: TRIPLE (Line Drive, 8LM) Marvin López scores Andy Toledo scores
|
Batting: RHB Herman Parker
|
0-0: Called Strike 0-1: Ball 1-1: Ball 2-1: Ball 3-1: Base on Balls
|
Batting: LHB Will Holt
|
0-0: Ball 1-0: Ball 2-0: Ball 3-0: Called Strike 3-1: Fly out, F8 (Flyball, 8LM)
|
Top of the 4th over - 2 run(s), 1 hit(s), 0 error(s), 2 left on base; Vanderbilt 2 - Tennessee 1 |
BOTTOM OF THE 4TH |
Tennessee Volunteers batting - Pitching for Vanderbilt Commodores : RHP Miguel Ortíz
|
Batting: RHB Juan Corvarubia
|
0-0: Called Strike 0-1: Called Strike 0-2: Strikes out swinging
|
Batting: RHB Michael Sawyer
|
0-0: Swinging Strike 0-1: Ball 1-1: Ground out 4-3 (Groundball, 4M)
|
Batting: LHB Roberto Medina
|
0-0: Fly out, F8 (Line Drive, 8RM)
|
Bottom of the 4th over - 0 run(s), 0 hit(s), 0 error(s), 0 left on base; Vanderbilt 2 - Tennessee 1 |
TOP OF THE 5TH |
Vanderbilt Commodores batting - Pitching for Tennessee Volunteers : RHP Chris Jennings
|
Batting: RHB Robert Warner
|
0-0: Foul Ball, location: 2F 0-1: Fly out, F9 (Flyball, 89M)
|
Batting: LHB Robbie Turner
|
0-0: Ball 1-0: Called Strike 1-1: SINGLE (Line Drive, 8LS)
|
Batting: SHB Marvin López
|
0-0: Called Strike 0-1: Ball 1-1: Called Strike Robbie Turner is caught stealing 2nd base 1-2: Ball 2-2: Ball 3-2: SOLO HOME RUN (Flyball, 8RXD), Distance : 389 ft
|
Batting: RHB Andy Toledo
|
0-0: Called Strike 0-1: Ball 1-1: Called Strike 1-2: Ball 2-2: Foul Ball, location: 2F 2-2: Ball 3-2: SINGLE (Line Drive, 89S)
|
Pitching: RHP Ken Bryant
|
|
Batting: SHB David Jones
|
0-0: Foul Ball, location: 2F 0-1: Fly out, F7 (Flyball, 7M)
|
Top of the 5th over - 1 run(s), 3 hit(s), 0 error(s), 1 left on base; Vanderbilt 3 - Tennessee 1 |
BOTTOM OF THE 5TH |
Tennessee Volunteers batting - Pitching for Vanderbilt Commodores : RHP Miguel Ortíz
|
Batting: LHB Arnold Stewart
|
0-0: Ball 1-0: Ball 2-0: Called Strike 2-1: Bunted foul 2-2: Ball 3-2: Foul Ball, location: 2F 3-2: SINGLE (Flyball, 8LS)
|
Batting: RHB Jesús Villegas
|
0-0: Called Strike 0-1: Fly out, F5 (Line Drive, 5S)
|
Pitching: LHP Ernesto Pérez
|
|
Batting: RHB Aaron Washington
|
0-0: Ball 1-0: Ball 2-0: Foul Ball, location: 2F 2-1: Ball 3-1: Grounds into double play, U6-3 (Groundball, 6M)
|
Bottom of the 5th over - 0 run(s), 1 hit(s), 0 error(s), 0 left on base; Vanderbilt 3 - Tennessee 1 |
TOP OF THE 6TH |
Vanderbilt Commodores batting - Pitching for Tennessee Volunteers : RHP Ken Bryant
|
Batting: LHB Micah Brantley
|
0-0: Called Strike 0-1: Fly out, F3 (Popup, 13)
|
Batting: RHB Dalton Gray
|
0-0: Ball 1-0: Ball 2-0: Ball 3-0: Called Strike 3-1: TRIPLE (Line Drive, 8RD)
|
Batting: RHB Herman Parker
|
0-0: Ball 1-0: Foul Ball, location: 2F 1-1: DOUBLE (Groundball, 5L) Dalton Gray scores
|
Batting: LHB Will Holt
|
0-0: Ball 1-0: Foul Ball, location: 2F 1-1: Ball 2-1: Foul Ball, location: 2F 2-2: Strikes out swinging
|
Batting: RHB Robert Warner
|
0-0: Swinging Strike 0-1: Ball 1-1: Foul Ball, location: 2F 1-2: Foul Ball, location: 2F 1-2: Strikes out looking
|
Top of the 6th over - 1 run(s), 2 hit(s), 0 error(s), 1 left on base; Vanderbilt 4 - Tennessee 1 |
BOTTOM OF THE 6TH |
Tennessee Volunteers batting - Pitching for Vanderbilt Commodores : LHP Ernesto Pérez
|
Batting: RHB Ken Sánchez
|
0-0: Ball 1-0: SINGLE (Groundball, 4MD)
|
Batting: RHB Tanner Albert
|
0-0: Fly out, F8 (Flyball, 8LM)
|
Batting: SHB Scott Cox
|
0-0: Called Strike 0-1: Fly out, F8 (Flyball, 8RM)
|
Batting: RHB Juan Corvarubia
|
0-0: Ball 1-0: Called Strike 1-1: Fly out, F4 (Popup, 3D)
|
Bottom of the 6th over - 0 run(s), 1 hit(s), 0 error(s), 1 left on base; Vanderbilt 4 - Tennessee 1 |
TOP OF THE 7TH |
Vanderbilt Commodores batting - Pitching for Tennessee Volunteers : RHP Ken Bryant
|
Batting: LHB Robbie Turner
|
0-0: Ball 1-0: Ball 2-0: Foul Ball, location: 2F 2-1: Called Strike 2-2: Ball 3-2: Base on Balls
|
Batting: SHB Marvin López
|
0-0: Foul Ball, location: 2F 0-1: Ball 1-1: Ball 2-1: Grounds into double play, 4-6-3 (Groundball, 4)
|
Batting: RHB Andy Toledo
|
0-0: Fly out, F3 (Popup, 34)
|
Top of the 7th over - 0 run(s), 0 hit(s), 0 error(s), 0 left on base; Vanderbilt 4 - Tennessee 1 |
BOTTOM OF THE 7TH |
Tennessee Volunteers batting - Pitching for Vanderbilt Commodores : LHP Ernesto Pérez
|
Batting: RHB Michael Sawyer
|
0-0: Called Strike 0-1: Fly out, F3 (Popup, 3F)
|
Batting: LHB Roberto Medina
|
0-0: Ball 1-0: Foul Ball, location: 2F 1-1: Called Strike 1-2: Ball 2-2: Fly out, F7 (Flyball, 7LS)
|
Batting: LHB Arnold Stewart
|
0-0: Called Strike 0-1: Swinging Strike 0-2: Ball 1-2: Foul Ball, location: 2F 1-2: Ball 2-2: Foul Ball, location: 2F 2-2: Ball 3-2: Base on Balls
|
Batting: RHB Jesús Villegas
|
0-0: Ball 1-0: Ball 2-0: Ground out 3-1 (Groundball, 34S)
|
Bottom of the 7th over - 0 run(s), 0 hit(s), 0 error(s), 1 left on base; Vanderbilt 4 - Tennessee 1 |
TOP OF THE 8TH |
Vanderbilt Commodores batting - Pitching for Tennessee Volunteers : RHP Ken Bryant
|
Pitching: LHP Oliver Moreno
|
|
Batting: SHB David Jones
|
0-0: Ball 1-0: Ball 2-0: Called Strike 2-1: Ball 3-1: Ground out 1-3 (Groundball, 13S)
|
Batting: LHB Micah Brantley
|
0-0: Ball 1-0: Ground out U3 (Groundball, 3S)
|
Batting: RHB Dalton Gray
|
0-0: Ball 1-0: Called Strike 1-1: SINGLE (Line Drive, 4D)
|
Batting: RHB Herman Parker
|
0-0: Ball 1-0: Called Strike 1-1: Fly out, F8 (Flyball, 8LM)
|
Top of the 8th over - 0 run(s), 1 hit(s), 0 error(s), 1 left on base; Vanderbilt 4 - Tennessee 1 |
BOTTOM OF THE 8TH |
Tennessee Volunteers batting - Pitching for Vanderbilt Commodores : LHP Ernesto Pérez
|
Pitching: RHP Luis Chapa
|
|
Batting: RHB Aaron Washington
|
0-0: SINGLE (Groundball, 6MD)
|
Pitching: RHP Vic Bradshaw
|
|
Batting: RHB Ken Sánchez
|
0-0: Called Strike 0-1: Fly out, F7 (Flyball, 7LM)
|
Batting: RHB Tanner Albert
|
0-0: Ball 1-0: Foul Ball, location: 2F 1-1: Foul Ball, location: 2F 1-2: Grounds into double play, 6-4-3 (Groundball, 6)
|
Bottom of the 8th over - 0 run(s), 1 hit(s), 0 error(s), 0 left on base; Vanderbilt 4 - Tennessee 1 |
TOP OF THE 9TH |
Vanderbilt Commodores batting - Pitching for Tennessee Volunteers : LHP Oliver Moreno
|
Batting: LHB Will Holt
|
0-0: Foul Ball, location: 2F 0-1: Ball 1-1: Foul Ball, location: 2F 1-2: Ball 2-2: Foul Ball, location: 2F 2-2: Ball 3-2: Foul Ball, location: 2F 3-2: Base on Balls
|
Batting: RHB Robert Warner
|
0-0: Called Strike 0-1: SINGLE (Line Drive, 56D) Will Holt to second
|
Batting: LHB Robbie Turner
|
0-0: Called Strike 0-1: Called Strike 0-2: Ground out U3 (Groundball, 3S) Will Holt to third Robert Warner to second
|
Batting: SHB Marvin López
|
0-0: Intentional Walk
|
Batting: RHB Andy Toledo
|
0-0: Called Strike 0-1: Foul Ball, location: 2F 0-2: Ball 1-2: Strikes out swinging
|
Batting: SHB David Jones
|
0-0: Called Strike 0-1: Ball 1-1: Ground out 4-3 (Groundball, 4)
|
Top of the 9th over - 0 run(s), 1 hit(s), 0 error(s), 3 left on base; Vanderbilt 4 - Tennessee 1 |
BOTTOM OF THE 9TH |
Tennessee Volunteers batting - Pitching for Vanderbilt Commodores : RHP Vic Bradshaw
|
Pitching: RHP Don Belmore
|
|
Now at 1B: António Williams
|
|
Batting: SHB Scott Cox
|
0-0: Fly out, F9 (Flyball, 89M)
|
Batting: RHB Juan Corvarubia
|
0-0: Called Strike 0-1: Ball 1-1: Foul Ball, location: 2F 1-2: Foul Ball, location: 2F 1-2: Ball 2-2: Foul Ball, location: 2F 2-2: Foul Ball, location: 2F 2-2: Ball 3-2: Foul Ball, location: 2F 3-2: Foul Ball, location: 2F 3-2: Base on Balls
|
Batting: RHB Michael Sawyer
|
0-0: Ball 1-0: Called Strike 1-1: Ball 2-1: Swinging Strike 2-2: Foul Ball, location: 2F 2-2: Foul Ball, location: 2F 2-2: Ball 3-2: Base on Balls Juan Corvarubia to second
|
Batting: LHB Roberto Medina
|
0-0: Ball 1-0: Fly out, F7 (Flyball, 7LM)
|
Batting: LHB Arnold Stewart
|
0-0: Ball 1-0: Ball 2-0: Ball 3-0: Called Strike 3-1: Base on Balls Juan Corvarubia to third Michael Sawyer to second
|
Batting: RHB Jesús Villegas
|
0-0: Ball 1-0: Ball 2-0: Ball 3-0: Called Strike 3-1: Ground out 5-3 (Groundball, 56)
|
Bottom of the 9th over - 0 run(s), 0 hit(s), 0 error(s), 3 left on base; Vanderbilt 4 - Tennessee 1 |
|